[Event "Titled Tuesday Blitz May 17 Early 2022"]
[White "Chigaev, Maksim"]
[Black "Shipov, Sergei"]
[WhiteFideId "4108116"]
[BlackFideId "4113624"]
[WhiteElo "2457"]
[BlackElo "2780"]
[Result "0-1"]
[Round "08"]
[TimeControl "180+1"]
[Date "2022.05.17"]
[WhiteClock "0:00:01"]
[BlackClock "0:01:11"]

1. Nf3 d5 2. c4 e6 3. g3 dxc4 4. Qa4+ c6 5. Qxc4 b5 6. Qb3 Bb7 7. Bg2 Nd7 8. O-O a6 9. d4 c5 10. Rd1 Ngf6 11. a4 c4 12. Qc2 Be7 13. Bg5 O-O 14. Nbd2 Qb6 15. Ne5 Rad8 16. Nxd7 Rxd7 17. Bxb7 Qxb7 18. axb5 axb5 19. Nf3 Rfd8 20. b3 cxb3 21. Qxb3 h6 22. Bf4 b4 23. Rdc1 Qe4 24. Be3 Ng4 25. Rab1 Rb7 26. Nd2 Qf5 27. Nc4 Qh5 28. h4 Bxh4 29. gxh4 Qxh4 30. f3 Qg3+ 0-1


[Site "https://www.chess.com"]

[Event "Titled Tuesday Blitz May 17 Early 2022"]
[White "Ciorgovean, Iustin"]
[Black "Vasquez Schroeder, Rodrigo"]
[WhiteFideId "1242911"]
[BlackFideId "3400042"]
[WhiteElo "2075"]
[BlackElo "2567"]
[Result "0-1"]
[Round "08"]
[TimeControl "180+1"]
[Date "2022.05.17"]
[WhiteClock "0:00:01"]
[BlackClock "0:00:05"]

1. d4 d5 2. c4 c6 3. cxd5 cxd5 4. Bf4 Nc6 5. e3 Nf6 6. Bb5 Bd7 7. Nc3 a6 8. Bd3 Bg4 9. Nge2 e6 10. O-O Be7 11. Rc1 O-O 12. Na4 Nd7 13. h3 Bh5 14. a3 Rc8 15. b4 Bg6 16. Nc5 Nxc5 17. bxc5 Na5 18. Bxg6 hxg6 19. Qa4 Nc4 20. Rxc4 dxc4 21. Qxc4 Qd7 22. Qb3 Ra8 23. Rb1 Ra7 24. Nc3 Qc6 25. Na4 Bd8 26. Bd6 Re8 27. Nb6 Bxb6 28. Qxb6 Qxb6 29. Rxb6 Rc8 30. Kf1 Rc6 31. Rb3 Rc8 32. Ke2 f6 33. Kd3 Kf7 34. e4 Ke8 35. d5 Kd7 36. Kd4 exd5 37. exd5 Re8 38. h4 Re1 39. Bb8 Ra8 40. Bg3 Rd1+ 41. Kc4 Kc8 42. Bd6 Ra7 43. Rg3 b5+ 44. cxb6 Rd7 45. Bc5 R1xd5 46. Rxg6 Rd2 47. Be3 Rc2+ 48. Kb4 Kb7 49. h5 Rb2+ 50. Kc3 Rb5 51. h6 gxh6 52. Rxf6 h5 53. Rh6 Rbd5 54. a4 a5 55. Kc4 Rf5 56. Rg6 Re7 57. Rh6 Re4+ 58. Kd3 Rxa4 59. Rh7+ Kc6 60. b7 Rb4 61. f3 Rxb7 62. Rh6+ Kb5 63. g4 Rd7+ 64. Ke4 Rfd5 65. gxh5 Kc4 0-1


[Site "https://www.chess.com"]

[Event "Titled Tuesday Blitz May 17 Early 2022"]
[White "Csonka, Balazs"]
[Black "Shimanov, Aleksandr"]
[WhiteFideId "742910"]
[BlackFideId "4198603"]
[WhiteElo "2404"]
[BlackElo "2605"]
[Result "0-1"]
[Round "08"]
[TimeControl "180+1"]
[Date "2022.05.17"]
[WhiteClock "0:00:01"]
[BlackClock "0:00:22"]

1. d4 Nf6 2. c4 g6 3. Nc3 Bg7 4. e4 d6 5. Nf3 O-O 6. Be2 Na6 7. O-O e5 8. Be3 c6 9. d5 Ng4 10. Bg5 f6 11. Bh4 c5 12. Ne1 h5 13. Nd3 Nh6 14. f3 Nf7 15. Rb1 Bh6 16. Bf2 b6 17. b4 Bd7 18. a4 Kg7 19. Nb5 Qe7 20. a5 Rfc8 21. axb6 axb6 22. Qb3 Bxb5 23. cxb5 c4 24. Qc2 cxd3 25. Qxd3 Nc7 26. Ra1 Rcb8 27. Qc4 Nd8 28. Rfd1 Qd7 29. h4 Rc8 30. Bxb6 Rab8 31. Bf2 Nxb5 32. Qd3 Nc3 33. Re1 Rxb4 34. Bf1 Nb5 35. Ra5 Nd4 36. Rea1 Rc7 37. Ra8 Rb2 38. Qa6 Nc2 39. Ra4 Be3 40. Bxe3 Nxe3 41. Bd3 Rxg2+ 0-1


[Site "https://www.chess.com"]

[Event "Titled Tuesday Blitz May 17 Early 2022"]
[White "Deac, Bogdan-Daniel"]
[Black "Zakhartsov, Vladimir"]
[WhiteFideId "1226380"]
[BlackFideId "4145097"]
[WhiteElo "2648"]
[BlackElo "2428"]
[Result "0-1"]
[Round "08"]
[TimeControl "180+1"]
[Date "2022.05.17"]
[WhiteClock "0:00:01"]
[BlackClock "0:00:15"]

1. e4 c5 2. Nf3 d6 3. d4 cxd4 4. Nxd4 Nf6 5. Nc3 a6 6. h3 b5 7. a4 b4 8. Nd5 Bb7 9. Nxf6+ gxf6 10. Bd3 Nd7 11. Qh5 Ne5 12. Bd2 Qb6 13. Be3 Qa5 14. O-O Nc6 15. Qxa5 Nxa5 16. Bd2 f5 17. Nxf5 Nc6 18. f4 e6 19. Ne3 Bg7 20. Nc4 Ke7 21. c3 bxc3 22. bxc3 a5 23. f5 Ne5 24. Bg5+ f6 25. Nxe5 fxg5 26. fxe6 Bxe5 27. Rf7+ Kxe6 28. Rxb7 Rac8 29. Bb5 Rxc3 30. Bd7+ Kf6 31. Rf1+ Bf4 32. Rb5 Ra8 33. Rf5+ Ke7 34. Bb5 Rac8 35. Rd5 Rg3 36. Be2 Rc5 37. Rfd1 Rgc3 38. Bb5 h6 39. Kf1 Be5 40. Rxc5 dxc5 41. Rd7+ Ke6 42. Ra7 c4 43. Rxa5 Rc2 44. Ra6+ Ke7 45. Rc6 c3 46. a5 Rb2 47. Bd3 Rd2 48. Be2 Ra2 49. a6 c2 50. Kf2 Bf4 51. a7 c1=Q 0-1


[Site "https://www.chess.com"]

[Event "Titled Tuesday Blitz May 17 Early 2022"]
[White "Donchenko, Alexander"]
[Black "Lazavik, Denis"]
[WhiteFideId "24603295"]
[BlackFideId "13515110"]
[WhiteElo "2572"]
[BlackElo "2437"]
[Result "0-1"]
[Round "08"]
[TimeControl "180+1"]
[Date "2022.05.17"]
[WhiteClock "0:00:06"]
[BlackClock "0:00:23"]

1. d4 d5 2. Nf3 Nf6 3. c4 c6 4. e3 Bf5 5. Nc3 e6 6. Nh4 Be4 7. f3 Bg6 8. Bd2 Be7 9. Nxg6 hxg6 10. Qc2 Nbd7 11. O-O-O Qc7 12. h4 O-O-O 13. Kb1 Kb8 14. Rc1 Rc8 15. g4 g5 16. Be1 Ka8 17. Bd3 Nb6 18. cxd5 Nfxd5 19. Nxd5 Nxd5 20. Qe2 gxh4 21. f4 g5 22. f5 Bd6 23. Rh3 e5 24. Bc4 Nf6 25. Bc3 Rhe8 26. Ka1 exd4 27. Bxd4 Be5 28. Bc5 Rcd8 29. e4 Bd4 30. Bxd4 Rxd4 31. Bd3 Qe5 32. Qe3 Red8 33. Bc2 Nh7 34. a3 f6 35. Qc3 Nf8 36. Qe3 Nd7 37. Rhh1 a6 38. Qc3 Nc5 39. Rhe1 Nd7 40. Bb1 Rd6 41. Qb3 Qe7 42. Ba2 Ne5 43. Qb6 Nd3 44. Bc4 Nxe1 45. Bxa6 bxa6 46. Qxa6+ Qa7 0-1


[Site "https://www.chess.com"]

[Event "Titled Tuesday Blitz May 17 Early 2022"]
[White "Dubov, Daniil"]
[Black "Nakamura, Hikaru"]
[WhiteFideId "24126055"]
[BlackFideId "2016192"]
[WhiteElo "2791"]
[BlackElo "2850"]
[Result "1/2-1/2"]
[Round "08"]
[TimeControl "180+1"]
[Date "2022.05.17"]
[WhiteClock "0:01:30"]
[BlackClock "0:02:42"]

1. d4 Nf6 2. c4 e6 3. Nf3 d5 4. g3 Be7 5. Bg2 O-O 6. O-O dxc4 7. Qc2 b5 8. a4 Bb7 9. axb5 a6 10. bxa6 Nxa6 11. Qxc4 Bd5 12. Qc3 c5 13. Be3 Ne4 14. Qe1 Nb4 15. Nc3 Nxc3 16. bxc3 Nc2 17. Rxa8 Qxa8 18. Qc1 cxd4 19. cxd4 Nxe3 20. Qxe3 Bf6 21. Qf4 Qb8 22. Qxb8 Rxb8 23. e3 Bxf3 24. Bxf3 g6 25. Rc1 Re8 26. Kg2 Kg7 27. Rc2 Re7 28. Be4 Ra7 29. d5 exd5 30. Bxd5 Bd8 31. Rc6 Rc7 32. Ra6 Be7 33. Be4 Bc5 34. Bc6 Ra7 1/2-1/2


[Site "https://www.chess.com"]

[Event "Titled Tuesday Blitz May 17 Early 2022"]
[White "Durarbayli, Vasif"]
[Black "Fiorito, Fabian"]
[WhiteFideId "13402935"]
[BlackFideId "100200"]
[WhiteElo "2528"]
[BlackElo "2395"]
[Result "0-1"]
[Round "08"]
[TimeControl "180+1"]
[Date "2022.05.17"]
[WhiteClock "0:00:09"]
[BlackClock "0:01:24"]

1. d4 d5 2. c4 c6 3. Nc3 Nf6 4. Nf3 e6 5. Bg5 Be7 6. e3 Nbd7 7. Rc1 h6 8. Bh4 O-O 9. a3 dxc4 10. Bxc4 b5 11. Ba2 Bb7 12. O-O a6 13. e4 Nxe4 14. Nxe4 Bxh4 15. Nd6 Rb8 16. Nxb7 Rxb7 17. Rxc6 Bf6 18. d5 exd5 19. Qxd5 Nb8 20. Rxf6 Rd7 21. Qxd7 Qxd7 22. Rxf7 Rxf7 23. Ne5 Qd2 24. Bxf7+ Kf8 25. b3 Nd7 26. Nxd7+ Qxd7 27. Bh5 Qd3 28. Bd1 Qd6 29. a4 Qd2 30. axb5 axb5 31. g3 g5 32. Bg4 Kg7 33. Rd1 Qc2 34. Rd7+ Kf8 35. Bd1 Qc1 36. Kg2 Qc6+ 0-1


[Site "https://www.chess.com"]

[Event "Titled Tuesday Blitz May 17 Early 2022"]
[White "Fier, Alexandr"]
[Black "Sokolovsky, Yahli"]
[WhiteFideId "2107139"]
[BlackFideId "2820242"]
[WhiteElo "2571"]
[BlackElo "1770"]
[Result "0-1"]
[Round "08"]
[TimeControl "180+1"]
[Date "2022.05.17"]
[WhiteClock "0:02:14"]
[BlackClock "0:00:24"]

1. d4 d6 2. Bg5 c5 3. dxc5 Qa5+ 4. Nc3 Qxc5 5. Nf3 Bg4 6. e4 Bxf3 7. Qxf3 Qxg5 8. Bb5+ Nc6 9. O-O e6 10. e5 d5 11. Rfe1 Nh6 12. Rad1 Be7 13. Rd4 O-O 14. Bxc6 bxc6 15. h4 Qf5 16. Rf4 Qxc2 17. g4 Bxh4 18. Ne2 Qxb2 19. Ra4 Qxe5 20. Kg2 Rab8 21. Rh1 g5 22. Nd4 Rb2 23. Nxc6 Qd6 24. Rxh4 gxh4 25. Qf6 Qg3+ 26. Kf1 Qh3+ 27. Ke1 Qh1# 0-1


[Site "https://www.chess.com"]

[Event "Titled Tuesday Blitz May 17 Early 2022"]
[White "Garriga Cazorla, Pere"]
[Black "Svane, Rasmus"]
[WhiteFideId "32011601"]
[BlackFideId "4657101"]
[WhiteElo "2433"]
[BlackElo "2674"]
[Result "0-1"]
[Round "08"]
[TimeControl "180+1"]
[Date "2022.05.17"]
[WhiteClock "0:00:09"]
[BlackClock "0:00:09"]

1. d4 Nf6 2. c4 e6 3. Nc3 Bb4 4. e3 O-O 5. Bd3 d5 6. cxd5 exd5 7. Ne2 Re8 8. a3 Bd6 9. b4 c6 10. Rb1 Ne4 11. O-O Bf5 12. f3 Nxc3 13. Nxc3 Qh4 14. f4 Bxd3 15. Qxd3 Nd7 16. e4 dxe4 17. Nxe4 Bc7 18. Bd2 Rad8 19. Rbe1 Bb6 20. Be3 Nf6 21. Nc5 Bxc5 22. bxc5 Nd5 23. g3 Qg4 24. Bd2 h5 25. Qf3 Rxe1 26. Bxe1 Qf5 27. Bf2 Re8 28. Kg2 Qc2 29. Kg1 Nf6 30. h3 Re2 31. Re1 Rxe1+ 32. Bxe1 g6 33. g4 hxg4 34. hxg4 Qc1 35. Kf1 Qc4+ 36. Kg2 Qc2+ 37. Kh3 Qc1 38. Bh4 Nd5 39. f5 Qe3 40. Qxe3 Nxe3 41. fxg6 fxg6 42. Kg3 Nc2 43. Kf4 Nxa3 44. Ke5 a5 45. Be1 a4 46. Ke6 Nc2 47. Bc3 a3 48. Kd7 Kf7 49. d5 cxd5 50. Kc7 d4 0-1


[Site "https://www.chess.com"]

[Event "Titled Tuesday Blitz May 17 Early 2022"]
[White "Dronavalli, Harika"]
[Black "Yuan, Qingyu"]
[WhiteFideId "5015197"]
[BlackFideId "8609772"]
[WhiteElo "2382"]
[BlackElo "2359"]
[Result "0-1"]
[Round "08"]
[TimeControl "180+1"]
[Date "2022.05.17"]
[WhiteClock "0:00:34"]
[BlackClock "0:00:15"]

1. e4 c6 2. d4 d5 3. exd5 cxd5 4. c3 Nc6 5. Bf4 Nf6 6. Nd2 Bg4 7. Ngf3 e6 8. Qb3 Bd6 9. Bxd6 Qxd6 10. Bd3 O-O 11. O-O Qc7 12. Rae1 Bxf3 13. Nxf3 a6 14. a4 Rfb8 15. Qc2 g6 16. b4 a5 17. b5 Ne7 18. Qd2 Kg7 19. h3 Nc8 20. Ne5 Nb6 21. Ra1 Rc8 22. Rfc1 Qe7 23. Re1 Rc7 24. Re3 Rac8 25. Bc2 Nfd7 26. Bb3 Nxe5 27. dxe5 Qg5 28. Qd4 Nd7 29. f4 Qe7 30. g4 Qc5 31. f5 Qxd4 32. cxd4 Rc3 33. Rae1 g5 34. f6+ Kg8 35. Kf2 Rxe3 36. Rxe3 Nf8 37. Ke1 b6 38. Kd2 Ng6 39. Bc2 Nf4 40. Bd3 h6 41. Bf1 Ng6 42. Rf3 Kf8 43. Bd3 Nh4 44. Rg3 Ke8 45. Re3 Kd7 46. Rg3 Rb8 47. Kc2 Ra8 48. Kd2 Rc8 49. Re3 Ng2 50. Rf3 Nf4 51. Bf1 h5 52. gxh5 Rh8 53. Rg3 Rxh5 54. Rg4 Ke8 55. Rg3 Kf8 56. Rg4 Ng6 57. Rg3 Kg8 58. Bd3 Nf4 59. h4 Nxd3 60. Kxd3 Kh7 61. Rxg5 Rxg5 62. hxg5 Kg6 63. Ke3 Kxg5 64. Kf3 Kf5 65. Kg3 Ke4 66. Kg4 Kxd4 67. Kf4 Kd3 68. Kg5 Ke4 69. Kh6 d4 70. Kg7 d3 71. Kxf7 d2 72. Ke7 d1=Q 73. f7 Qxa4 74. f8=Q Qb4+ 75. Kf7 Qxf8+ 76. Kxf8 Kxe5 77. Ke8 Kd5 78. Ke7 Kc5 79. Kd7 Kxb5 80. Kxe6 a4 81. Kd5 a3 82. Kd4 a2 83. Kc3 a1=Q+ 84. Kc2 Qa4+ 85. Kd3 Ka5 86. Ke3 b5 87. Kf3 b4 0-1


[Site "https://www.chess.com"]

[Event "Titled Tuesday Blitz May 17 Early 2022"]
[White "Harsha Bharathakoti"]
[Black "Barria Zuniga, Daniel"]
[WhiteFideId "5078776"]
[BlackFideId "3400816"]
[WhiteElo "2575"]
[BlackElo "2414"]
[Result "1/2-1/2"]
[Round "08"]
[TimeControl "180+1"]
[Date "2022.05.17"]
[WhiteClock "0:00:34"]
[BlackClock "0:00:25"]

1. Nf3 g6 2. e4 Bg7 3. d4 c5 4. d5 d6 5. Bb5+ Bd7 6. a4 Bxb5 7. axb5 Nf6 8. Nc3 O-O 9. O-O Nbd7 10. h3 Nb6 11. Qe2 Ne8 12. Bg5 Nc7 13. Rfd1 h6 14. Bh4 Qd7 15. e5 f6 16. e6 Qe8 17. Ra5 g5 18. Bg3 f5 19. Rda1 f4 20. Bh2 Nbxd5 21. Nxd5 Nxd5 22. Rxa7 Rb8 23. c3 Qg6 24. Nd2 Nc7 25. Re1 Rf6 26. b6 Nxe6 27. Ne4 Rf5 28. Nxd6 exd6 29. Qxe6+ Qxe6 30. Rxe6 Re5 31. Rxe5 Bxe5 32. Kf1 Kf7 33. f3 Ke6 34. Bg1 Kd5 35. Ke2 Kc6 36. Kd3 Kxb6 37. Ra1 Kc6 38. b3 Kd5 39. Bf2 b5 40. Ra5 Ke6 41. Ra6 Kd5 42. Ra5 Kc6 43. Ra6+ Kb7 44. Ra5 Kb6 45. Ra2 Kb7 46. Ra5 Kb6 47. Ra2 Kb7 48. Ra5 1/2-1/2


[Site "https://www.chess.com"]

[Event "Titled Tuesday Blitz May 17 Early 2022"]
[White "Indjic, Aleksandar"]
[Black "Matinian, Nikita"]
[WhiteFideId "911925"]
[BlackFideId "24129100"]
[WhiteElo "2616"]
[BlackElo "2422"]
[Result "1-0"]
[Round "08"]
[TimeControl "180+1"]
[Date "2022.05.17"]
[WhiteClock "0:00:19"]
[BlackClock "0:00:07"]

1. d4 Nf6 2. c4 g6 3. Nc3 Bg7 4. e4 O-O 5. Nf3 d6 6. Be2 e5 7. O-O h6 8. d5 a5 9. Ne1 Na6 10. Be3 Nc5 11. f3 Ne8 12. a3 Bd7 13. b4 axb4 14. axb4 Rxa1 15. Qxa1 Nb3 16. Qb2 Nd4 17. Bd3 f5 18. c5 Nf6 19. Nc2 fxe4 20. Bxe4 Nxe4 21. Nxe4 Bb5 22. Rf2 Ne2+ 23. Kh1 Nf4 24. cxd6 Nd3 25. dxc7 Nxf2+ 26. Bxf2 Qxd5 27. Ne3 Qc6 28. Qc3 Rc8 29. Qxc6 bxc6 30. h4 Rxc7 31. Ng4 h5 32. Ngf6+ Bxf6 33. Nxf6+ Kf7 34. Ne4 Rd7 35. Bg3 Rd1+ 36. Kh2 Ke6 37. Ng5+ Kd5 38. Nf7 e4 39. fxe4+ Kxe4 40. Ne5 Rb1 41. Nxg6 Rxb4 42. Nf4 c5 43. Nxh5 c4 44. Nf6+ Kf5 45. Nd5 Rb3 46. Be1 Kg4 47. Nf6+ Kf5 48. Nd5 Ke4 49. Nc3+ Kd3 50. h5 Be8 51. h6 Bg6 52. Nd5 Ke4 53. h7 Bxh7 54. Nf6+ Kf5 55. Nxh7 Rb7 56. Nf8 1-0


[Site "https://www.chess.com"]

[Event "Titled Tuesday Blitz May 17 Early 2022"]
[White "Kamsky, Gata"]
[Black "Sadhwani, Raunak"]
[WhiteFideId "2000024"]
[BlackFideId "35093487"]
[WhiteElo "2645"]
[BlackElo "2616"]
[Result "1-0"]
[Round "08"]
[TimeControl "180+1"]
[Date "2022.05.17"]
[WhiteClock "0:00:32"]
[BlackClock "0:00:18"]

1. e4 e5 2. Nf3 Nc6 3. Bb5 Nge7 4. O-O Ng6 5. c3 a6 6. Ba4 d5 7. exd5 Qxd5 8. Bb3 Qd3 9. Bc2 Qd6 10. Re1 Be7 11. h3 Be6 12. d3 O-O 13. Nbd2 f5 14. Nc4 Bxc4 15. dxc4 e4 16. Qxd6 Bxd6 17. Nd4 Nce5 18. c5 Bxc5 19. Ne6 Bd6 20. Nxf8 Rxf8 21. Bd2 Nc4 22. Bb3 b5 23. Bxc4+ bxc4 24. b3 Ne5 25. Bf4 Nd3 26. Bxd6 cxd6 27. Reb1 d5 28. bxc4 dxc4 29. Rb6 Re8 30. Rab1 Re5 31. Rxa6 f4 32. Rb8+ Kf7 33. Rb7+ Re7 34. Rxe7+ Kxe7 35. Rc6 Ne5 36. Rc7+ Kf6 37. a4 1-0


[Site "https://www.chess.com"]

[Event "Titled Tuesday Blitz May 17 Early 2022"]
[White "Keymer, Vincent"]
[Black "Tarigan, Gilbert Elroy"]
[WhiteFideId "12940690"]
[BlackFideId "7108133"]
[WhiteElo "2548"]
[BlackElo "1908"]
[Result "1-0"]
[Round "08"]
[TimeControl "180+1"]
[Date "2022.05.17"]
[WhiteClock "0:00:09"]
[BlackClock "0:00:01"]

1. Nf3 d5 2. e3 c6 3. c4 Nf6 4. Nc3 Bg4 5. cxd5 Nxd5 6. Qb3 Nb6 7. d4 N8d7 8. Be2 e6 9. h3 Bh5 10. O-O Be7 11. Rd1 O-O 12. a4 a5 13. e4 Bb4 14. Bg5 Be7 15. Be3 Bb4 16. Na2 Be7 17. Rac1 Bg6 18. Nc3 Bb4 19. d5 cxd5 20. exd5 e5 21. Nb5 e4 22. Ne1 Rc8 23. Rxc8 Nxc8 24. d6 Nc5 25. Qc2 b6 26. Qc4 Nxa4 27. Qa2 Nc5 28. Nc2 Nd3 29. Qd5 Nxb2 30. Rb1 Nd3 31. Bxd3 exd3 32. Nxb4 axb4 33. Rxb4 Qd7 34. Rc4 Ne7 35. Qe5 1-0


[Site "https://www.chess.com"]

[Event "Titled Tuesday Blitz May 17 Early 2022"]
[White "Kobo, Ori"]
[Black "Djordjevic, Vuk"]
[WhiteFideId "2812320"]
[BlackFideId "902098"]
[WhiteElo "2420"]
[BlackElo "2496"]
[Result "1-0"]
[Round "08"]
[TimeControl "180+1"]
[Date "2022.05.17"]
[WhiteClock "0:00:03"]
[BlackClock "0:00:01"]

1. d4 e6 2. c4 Nf6 3. Nc3 Bb4 4. a3 Bxc3+ 5. bxc3 c5 6. f3 d5 7. cxd5 exd5 8. e3 O-O 9. Bd3 b6 10. Ne2 Ba6 11. O-O Bxd3 12. Qxd3 c4 13. Qc2 Re8 14. Ng3 h5 15. e4 h4 16. Nf5 dxe4 17. Bg5 exf3 18. Rxf3 Nbd7 19. Raf1 Re6 20. Bxh4 Qf8 21. Rg3 g6 22. Qc1 Ne4 23. Nh6+ Kg7 24. Rgf3 f6 25. Ng4 Qh8 26. Bg3 Qh5 27. Qf4 Rae8 28. h3 R8e7 29. Kh2 Ng5 30. Re3 Rxe3 31. Nxe3 Qe2 32. Re1 Qd3 33. Nf5+ gxf5 34. Rxe7+ Kg6 35. Rxd7 Qe2 36. Qf2 Qd3 37. Bf4 Qe4 38. Qg3 Qe6 39. Rd6 Qe7 40. Qxg5+ 1-0


[Site "https://www.chess.com"]

[Event "Titled Tuesday Blitz May 17 Early 2022"]
[White "Kosteniuk, Alexandra"]
[Black "Babazada, Khazar"]
[WhiteFideId "4128125"]
[BlackFideId "13413554"]
[WhiteElo "2469"]
[BlackElo "2406"]
[Result "0-1"]
[Round "08"]
[TimeControl "180+1"]
[Date "2022.05.17"]
[WhiteClock "0:00:01"]
[BlackClock "0:00:03"]

1. e4 g6 2. d4 Bg7 3. Nc3 d6 4. Be3 Nf6 5. Nf3 O-O 6. Qd2 Ng4 7. Bg5 h6 8. Bh4 c6 9. h3 Nf6 10. g4 Nfd7 11. O-O-O b5 12. Kb1 b4 13. Ne2 a5 14. e5 Nb6 15. Nc1 Be6 16. exd6 Qxd6 17. Bg3 Qd5 18. Bg2 Qb5 19. Ne5 a4 20. Qd3 Qa5 21. h4 b3 22. h5 g5 23. f4 a3 24. cxb3 axb2 25. Kxb2 Qa3+ 26. Kb1 N8d7 27. fxg5 Nxe5 28. Bxe5 Bxe5 29. dxe5 Rfb8 30. Bxc6 Ra5 31. g6 Nc4 32. gxf7+ Bxf7 33. Qc3 Rc5 34. e6 Bxe6 35. Rhe1 Rxc6 36. Rxe6 Rxe6 37. Qxc4 Qa6 38. Qf4 Rc8 39. g5 Qc6 40. Qf5 Rf8 41. Qg4 Re4 42. Qg2 Qe6 43. gxh6+ Rg4 44. Qc2 Qxh6 45. a4 Qxh5 46. Qd2 Qg6+ 47. Ka1 Rg2 48. Qd5+ e6 49. Qc4 Qg7+ 50. Qd4 Qg6 51. Re1 Qc2 0-1


[Site "https://www.chess.com"]

[Event "Titled Tuesday Blitz May 17 Early 2022"]
[White "Kozak, Antoni"]
[Black "Demchenko, Anton"]
[WhiteFideId "21832030"]
[BlackFideId "4160258"]
[WhiteElo "2322"]
[BlackElo "2539"]
[Result "0-1"]
[Round "08"]
[TimeControl "180+1"]
[Date "2022.05.17"]
[WhiteClock "0:00:15"]
[BlackClock "0:02:07"]

1. d4 Nf6 2. c4 g6 3. Nc3 Bg7 4. e4 O-O 5. Nf3 d6 6. h3 e5 7. d5 a5 8. Be3 Na6 9. g4 Nc5 10. Nd2 a4 11. a3 c6 12. Be2 Bd7 13. g5 Ne8 14. h4 cxd5 15. cxd5 Nc7 16. h5 b5 17. h6 Bh8 18. Rg1 Re8 19. Na2 N7a6 20. Rc1 f6 21. gxf6 Bxf6 22. Qc2 Rc8 23. Qb1 Bh4 24. Rc3 Rf8 25. Nf3 Be7 26. Ng5 Qa5 27. Kd1 Nb3 28. Bg4 Bxg4+ 29. Rxg4 Bxg5 30. Rxg5 b4 31. axb4 Nxb4 32. Nxb4 Qxb4 33. Qc2 Rxc3 34. Qxc3 Qxc3 35. bxc3 a3 36. Bc1 a2 37. Bb2 Rxf2 0-1


[Site "https://www.chess.com"]

[Event "Titled Tuesday Blitz May 17 Early 2022"]
[White "Meshkovs, Nikita"]
[Black "Gunina, Valentina"]
[WhiteFideId "11602740"]
[BlackFideId "4167570"]
[WhiteElo "2506"]
[BlackElo "2381"]
[Result "0-1"]
[Round "08"]
[TimeControl "180+1"]
[Date "2022.05.17"]
[WhiteClock "0:00:05"]
[BlackClock "0:00:58"]

1. e4 c6 2. d4 d5 3. e5 c5 4. dxc5 e6 5. Be3 Nd7 6. b4 a5 7. c3 Nxe5 8. Nd2 axb4 9. cxb4 Nc6 10. Bb5 Bd7 11. Bxc6 Bxc6 12. Ngf3 Ne7 13. a4 Nf5 14. O-O Be7 15. b5 Bd7 16. Rc1 O-O 17. Bf4 Qa5 18. Ne5 Be8 19. c6 bxc6 20. bxc6 Bd6 21. g4 Qxa4 22. Qxa4 Rxa4 23. gxf5 Rxf4 24. c7 Bxc7 25. Rxc7 Rxf5 26. f4 f6 27. Ng4 d4 28. Ne4 h5 29. Ngf2 Rxf4 30. Rb1 Bg6 31. Rbb7 Rf7 32. Rc8+ Kh7 33. Rxf7 Bxf7 34. Rd8 e5 35. Ng3 h4 36. Ne2 Rf3 37. Kg2 Re3 38. Ng1 g5 39. Ng4 Ra3 40. Nxf6+ Kg6 41. Rd6 Kf5 42. h3 Ra2+ 43. Kf1 Bc4+ 44. Ke1 Kf4 45. Ng4 Kg3 46. Rf6 Ra1+ 47. Kd2 Rxg1 48. Nxe5 Bf1 49. Rf3+ Kh2 50. Rf5 Kxh3 51. Nf3 Rg2+ 52. Ke1 Kg4 53. Nxg5 Kxf5 54. Nf3 Rg3 55. Nxh4+ Kg4 56. Ng6 Bd3 57. Ne5+ Kf5 58. Nc6 Ke4 59. Kf2 Rh3 60. Kg2 Rh6 61. Nb4 Be2 62. Kf2 d3 63. Ke1 Rh1+ 64. Kd2 Rd1+ 65. Kc3 d2 66. Nc2 Bh5 67. Nb4 Rb1 68. Nd3 d1=Q 69. Nf2+ Ke3 70. Nxd1+ Rxd1 71. Kc4 Bf3 72. Kb3 Kd3 0-1


[Site "https://www.chess.com"]

[Event "Titled Tuesday Blitz May 17 Early 2022"]
[White "Neiksans, Arturs"]
[Black "Samunenkov, Ihor"]
[WhiteFideId "11601388"]
[BlackFideId "14187086"]
[WhiteElo "2447"]
[BlackElo "2409"]
[Result "1-0"]
[Round "08"]
[TimeControl "180+1"]
[Date "2022.05.17"]
[WhiteClock "0:01:34"]
[BlackClock "0:00:03"]

1. e4 c6 2. Nf3 d5 3. d3 Qc7 4. Nc3 dxe4 5. dxe4 e5 6. a4 Bb4 7. Bc4 Nf6 8. O-O O-O 9. Bg5 Bxc3 10. Bxf6 Bxb2 11. Rb1 gxf6 12. Rxb2 Be6 13. Nd2 Nd7 14. Rb3 Kh8 15. Qh5 Rg8 16. Bxe6 fxe6 17. Qf7 Raf8 18. Qe7 Rg7 19. Qb4 b6 20. Nc4 Rfg8 21. g3 Nc5 22. Re3 Na6 23. Qc3 Rd8 24. Kh1 Nc5 25. f4 Nxa4 26. Qa1 b5 27. fxe5 fxe5 28. Nxe5 Kg8 29. Ref3 Nc5 30. Nf7 Nxe4 31. Nh6+ 1-0


[Site "https://www.chess.com"]

[Event "Titled Tuesday Blitz May 17 Early 2022"]
[White "Oganian, Miran"]
[Black "Bluebaum, Matthias"]
[WhiteFideId "4122488"]
[BlackFideId "24651516"]
[WhiteElo "2357"]
[BlackElo "2556"]
[Result "0-1"]
[Round "08"]
[TimeControl "180+1"]
[Date "2022.05.17"]
[WhiteClock "0:00:07"]
[BlackClock "0:02:06"]

1. e4 c6 2. d4 d5 3. Nc3 dxe4 4. Nxe4 Nf6 5. Bd3 Qxd4 6. Nf3 Qd8 7. Nxf6+ exf6 8. O-O Be7 9. Re1 O-O 10. Nd4 g6 11. Bh6 Re8 12. c3 Nd7 13. Qd2 Ne5 14. Bc2 c5 15. Nb5 Qb6 16. a4 a6 17. Na3 Be6 18. f4 Ng4 19. a5 Qc7 20. Rxe6 fxe6 21. Qe2 Nxh6 22. Qxe6+ Kg7 23. f5 c4 24. fxg6 Bc5+ 0-1


[Site "https://www.chess.com"]

[Event "Titled Tuesday Blitz May 17 Early 2022"]
[White "Ohanyan, Emin"]
[Black "Sirosh, Ilja"]
[WhiteFideId "13312022"]
[BlackFideId "4500458"]
[WhiteElo "1927"]
[BlackElo "2241"]
[Result "1-0"]
[Round "08"]
[TimeControl "180+1"]
[Date "2022.05.17"]
[WhiteClock "0:00:43"]
[BlackClock "0:00:01"]

1. e4 c5 2. Nf3 d6 3. d4 cxd4 4. Nxd4 Nf6 5. Nc3 a6 6. Bc4 e6 7. Bb3 b5 8. f4 Bb7 9. f5 e5 10. Nde2 Be7 11. Ng3 O-O 12. Nh5 Nbd7 13. O-O Rc8 14. Kh1 Rxc3 15. bxc3 Bxe4 16. Nxf6+ Nxf6 17. Qe2 d5 18. Bg5 Qc7 19. Rad1 Qc6 20. Rd2 h6 21. Bh4 Rd8 22. Rfd1 Qxc3 23. Bxf6 Bxf6 24. Bxd5 Bxd5 25. Rxd5 Rxd5 26. Rxd5 Qa1+ 27. Rd1 Qxa2 28. g3 Qb2 29. Qd3 a5 30. Qb3 Qxb3 31. cxb3 e4 32. Rd5 e3 33. Kg2 a4 34. Rxb5 e2 35. Kf2 axb3 36. Rxb3 g6 37. Kxe2 h5 38. Kf3 Kg7 39. Rb5 g5 40. g4 h4 41. h3 Bd4 42. Ke4 Bf6 43. Kd5 Bc3 44. Kd6 Bf6 45. Kd7 Bc3 46. Ke8 f6 47. Rb7+ Kg8 48. Ke7 Kg7 49. Ke6+ Kg8 50. Rf7 1-0


[Site "https://www.chess.com"]

[Event "Titled Tuesday Blitz May 17 Early 2022"]
[White "Paravyan, David"]
[Black "Makarian, Rudik"]
[WhiteFideId "4194985"]
[BlackFideId "44105681"]
[WhiteElo "2569"]
[BlackElo "2419"]
[Result "1-0"]
[Round "08"]
[TimeControl "180+1"]
[Date "2022.05.17"]
[WhiteClock "0:00:58"]
[BlackClock "0:00:01"]

1. e4 c5 2. Nf3 d6 3. d4 cxd4 4. Nxd4 Nf6 5. Nc3 a6 6. Bg5 Nbd7 7. f4 Qc7 8. Qf3 b5 9. a4 b4 10. Nd5 Nxd5 11. exd5 h6 12. Bh4 g5 13. Bf2 Nc5 14. Nc6 g4 15. Qe2 Bg7 16. O-O-O Nxa4 17. Bd4 Bxd4 18. Rxd4 Nc5 19. Rxb4 Bb7 20. Qxg4 Bxc6 21. dxc6 Qxc6 22. Be2 Rc8 23. Kb1 Kf8 24. Rd1 Rg8 25. Qh3 Ne6 26. Rc4 Qd7 27. Qxh6+ Ng7 28. f5 Rxc4 29. Bxc4 Ke8 30. Qh7 Kf8 31. Qh6 Qc6 32. Bd5 1-0


[Site "https://www.chess.com"]